 Dungeon Crawl Stone Soup version 0.24-a0-375-g4de66ed42b (webtiles) character file.

Game seed: 13167561499890950071

330 goulibeur the Covered (level 6, -14/53 HPs)
             Began as a Minotaur Fighter on May 31, 2019.
             Blown up by Ijyb (30 damage)
             ... with a disintegration bolt
             ... on level 4 of the Dungeon.
             The game lasted 00:10:48 (3025 turns).

goulibeur the Covered (Minotaur Fighter)            Turns: 3025, Time: 00:10:50

Health: -14/53     AC:  8    Str: 20    XL:     6   Next: 26%
Magic:  5/5        EV:  6    Int:  5    God:
Gold:   73         SH: 10    Dex: 12    Spells: 5/5 levels left

rFire    . . .     SeeInvis .   a - +0 flail
rCold    . . .     Gourm    .   c - +0 shield
rNeg     . . .     Faith    .   e - -2 chain mail (curse)
rPois    .         Spirit   .   (helmet restricted)
rElec    .         Reflect  .   (no cloak)
rCorr    .         Harm     .   j - +0 pair of gloves
MR       .....                  (no boots)
Stlth    ..........             (no amulet)
HPRegen  0.17/turn              (no ring)
MPRegen  0.09/turn              (no ring)

@: lethally poisoned (-14 -> -18)
A: retaliatory headbutt, horns 2
a: no special abilities


You were on level 4 of the Dungeon.
You were not hungry.

You visited 1 branch of the dungeon, and saw 4 of its levels.

You collected 73 gold pieces.

Inventory:

Hand Weapons
 a - a +0 flail (weapon)
Missiles
 s - 21 sling bullets
 v - 16 poisoned darts (quivered)
Armour
 b - a +0 scale mail
 c - a +0 shield (worn)
 e - a cursed -2 chain mail (worn)
 g - a +0 chain mail
 j - a +0 pair of gloves (worn)
Jewellery
 w - an uncursed ring of see invisible {unknown}
Scrolls
 k - 2 scrolls of identify
 o - 2 scrolls of teleportation
 u - a scroll of remove curse {unknown}
Potions
 d - a potion of might
 h - a potion of degeneration
 i - a potion of flight {unknown}
 l - 2 potions of lignification {unknown}
 n - a potion of brilliance {unknown}
 p - a potion of ambrosia {unknown}
 q - a potion of curing
 r - a potion of cancellation {unknown}
 t - a potion of agility {unknown}
Comestibles
 f - 6 rations
 m - 6 chunks of flesh


   Skills:
 + Level 4.7 Fighting
 + Level 3.9 Maces & Flails
 + Level 2.3 Throwing
 + Level 4.8 Armour
 + Level 2.6 Dodging
 + Level 4.7 Shields


You had 5 spell levels left.
You didn't know any spells.
Your spell library contained the following spells:

 Spells                   Type           Power        Failure   Level  Hunger
 Animate Skeleton         Necr           N/A          100%        1    ##.....
 Apportation              Tloc           #.....       100%        1    ##.....
 Confusing Touch          Hex            #.....       100%        1    ##.....
 Summon Small Mammal      Summ           #...         100%        1    ##.....


Dungeon Overview and Level Annotations

Branches:
Dungeon (4/15)
 Temple: D:4-7

Altars:
Ashenzari
Elyvilon
Okawaru
Qazlal
Sif Muna
Vehumet
The Shining One

Annotations:
D:4 Ijyb


Innate Abilities, Weirdness & Mutations

You reflexively headbutt those who attack you in melee.
You have a pair of horns on your head.


Message History

You hit Ijyb but do no damage.
Ijyb is lightly wounded.
Ijyb zaps a wand.
You are blasted!
The worker ant bites you.
You barely miss Ijyb.
Ijyb is moderately wounded.
You block the worker ant's attack.
Ijyb zaps a wand.
You are blasted!
Ouch! That really hurt!
You block the worker ant's attack.
You barely miss Ijyb. Your headbutt misses Ijyb.
Ijyb is moderately wounded.
Ijyb barely misses you. You block the worker ant's attack.
Ijyb hits you but does no damage.
Your shield and chain mail prevent you from hitting Ijyb.
Your headbutt misses Ijyb.
Ijyb is moderately wounded.
The worker ant bites you.
You are poisoned.
The worker ant poisons you!
Ijyb zaps a wand.
You are blasted!
Ouch! That really hurt!
You die...

#....#......
#...........
##.###...%.......
.....(...........
...........##...........
.......#....#...........
..........#....ga.......
................@.#
.......##.##......####>
......[##.###..........#
.....#.#..####.##.####..
...........###.# .#
.........#.....# .#
..รท......#####.......#
#.#......# #.#...^..
#.#......#####...###..


You could see Ijyb and a worker ant.

Vanquished Creatures
  A centaur (D:2)
  Terence (D:2)
  An iguana (D:4)
  4 gnolls (D:3)
  7 adders
  3 worms (D:2)
  3 dart slugs
  4 leopard geckos
  3 giant cockroaches (D:2)
  9 goblins
  9 hobgoblins
  6 jackals
  7 kobolds
  A quokka (D:2)
  A ball python (D:4)
  8 bats
  2 frilled lizards (D:1)
  A quokka skeleton (D:4)
  14 rats
85 creatures vanquished.

Vanquished Creatures (others)
  An adder (D:2)
  A giant cockroach (D:2)
  A frilled lizard (D:2)
  A rat (D:2)
4 creatures vanquished.

Grand Total: 89 creatures vanquished

Notes
Turn   | Place    | Note
-------+----------+-------------------------------------------
     0 | D:1      | goulibeur the Minotaur Fighter began the quest for the Orb.
     0 | D:1      | Reached XP level 1. HP: 19/19 MP: 0/0
   101 | D:1      | Reached XP level 2. HP: 14/27 MP: 1/1
   423 | D:1      | Reached skill level 1 in Dodging
   424 | D:1      | Reached XP level 3. HP: 18/33 MP: 2/2
   441 | D:1      | Reached skill level 1 in Throwing
  1038 | D:2      | Found a stormy altar of Qazlal.
  1038 | D:2      | Noticed an air elemental
  1135 | D:2      | Noticed a centaur
  1141 | D:2      | Killed a centaur
  1141 | D:2      | Reached XP level 4. HP: 23/40 MP: 3/3
  1141 | D:2      | Reached XP level 5. HP: 27/46 MP: 4/4
  1266 | D:2      | Noticed a fire elemental
  1266 | D:2      | Noticed a water elemental
  1348 | D:2      | Noticed Terence
  1368 | D:2      | Found a white marble altar of Elyvilon.
  1485 | D:2      | Killed Terence
  1522 | D:2      | Found a radiant altar of Vehumet.
  2230 | D:3      | Found a faded altar of an unknown god.
  2276 | D:3      | Found a deep blue altar of Sif Muna.
  2277 | D:3      | Found an iron altar of Okawaru.
  2376 | D:3      | Found a glowing golden altar of the Shining One.
  2404 | D:3      | Found a shattered altar of Ashenzari.
  2882 | D:4      | Reached XP level 6. HP: 51/53 MP: 5/5
  3016 | D:4      | Noticed Ijyb
  3025 | D:4      | Blown up by Ijyb

Levels and vault maps discovered:
D:1:      dpeg_arrival_central, layout_basic
D:2:      layout_loops_ring, nicolae_qazlal_style_of_elements,
          fiery_altar_vehumet, elyvilon_altar_4, uniq_terence
D:3:      layout_loops_ring, nicolae_overflow_crystal_walls,
          chequers_temple_overflow_statue_of_worship,
          chequers_ecumenical_altar_simple
D:4:      layout_rooms, nicolae_ru_great_annihilating_truth, grunt_ministairs_3,
          minmay_misc_feat_secret_circle, uniq_ijyb

Skill      XL: |  1  2  3  4  5 |
---------------+----------------+-----
Dodging        | 1 2 |  2.6
Throwing       | 1 2 |  2.3
Armour         | 4 |  4.8
Maces & Flails | 3 |  3.9
Fighting       | 4 |  4.7
Shields        | 4 |  4.7

Action                   |  1- 3 |  4- 6 || total
-------------------------+-------+-------++-------
Melee: Flail             |   151 |   129 ||   280
       Headbutt          |    21 |    23 ||    44
       Unarmed           |       |    19 ||    19
Throw: Dart              |       |     4 ||     4
  Use: Scroll            |     3 |     3 ||     6
  Eat: Chunk             |     1 |     6 ||     7
Armor: Chain mail        |   122 |    53 ||   175
       Scale mail        |     1 |       ||     1
Dodge: Dodged            |    42 |    48 ||    90
Block: Shield            |    97 |    64 ||   161

Table legend:
 A = Non-vault XP
 B = Vault XP
 C = Vault XP percentage of total XP
 D = Non-vault monster count
 E = Vault monster count
 F = Vault count percentage of total count
                 A         B        C        D         E       F
            +---------+---------+-------+---------+---------+-------
      Total |     436 |      36 |   7.6 |      84 |       1 |   1.2
            +---------+---------+-------+---------+---------+-------
        D:1 |      63 |       0 |   0.0 |      36 |       0 |   0.0
        D:2 |     191 |      36 |  15.9 |      30 |       1 |   3.2
        D:3 |      80 |       0 |   0.0 |      10 |       0 |   0.0
        D:4 |     102 |       0 |   0.0 |       8 |       0 |   0.0
            +---------+---------+-------+---------+---------+-------
